 Dungeon Crawl Stone Soup version 0.29-a0-923-g6e406bff71 (webtiles) character file.

Game seed: 11798747650420320429

217 enile the Trooper (level 6, -2/49 HPs)
             Began as a Djinni Fire Elementalist on July 28, 2022.
             Was a Believer of Makhleb.
             Slain by a gnoll bouda
             ... wielding a +0 club
              (10 damage)
             ... on level 4 of the Dungeon.
             The game lasted 00:02:48 (2803 turns).

enile the Trooper (Djinni Fire Elementalist)        Turns: 2803, Time: 00:02:48

Health: -2/49      AC:  2    Str:  6 (7)  XL:     6   Next: 16%
Gold:   208        EV: 12    Int: 17 (19) God:    Makhleb [**....] SH:  0 Dex: 11 (13)

rFire   + + .      SeeInvis .   e - +1 dagger (elec)
rCold   x . .      Faith    .   (no shield)
rNeg    . . .      Spirit   .   a - +0 robe
rPois   ∞          Reflect  .   (no helmet)
rElec   .          Harm     .   n - scarf {shadows}
rCorr   .          Rampage  .   (no gloves)
Will    .....                   (boots unavailable)
Stlth   ++........              (no amulet)
HPRegen 0.16/turn               j - ring of wizardry
MPRegen 0.00/turn               (no ring)

@: weakened, flying
A: sickness immunity, fire resistance 2, cold vulnerability 1, float, innate
caster, HP casting, extra vitality 1
a: Renounce Religion, Minor Destruction


You were on level 4 of the Dungeon.
You worshipped Makhleb.
Makhleb was pleased with you.
You visited 1 branch of the dungeon, and saw 4 of its levels.

You collected 208 gold pieces.

Inventory:

Hand Weapons
 e - a +1 dagger of electrocution (weapon)
 f - a +0 dagger of holy wrath
Armour
 a - a +0 robe (worn)
 n - a scarf of shadows (worn)
Jewellery
 j - a ring of wizardry (left hand)
 k - a +4 ring of protection
 r - a +6 ring of intelligence
Wands
 l - a wand of charming (8)
Scrolls
 c - 4 scrolls of identify {unknown}
 i - 2 scrolls of teleportation {unknown}
 m - a scroll of noise {unknown}
 o - a scroll of enchant armour {unknown}
Potions
 b - 2 potions of mutation {unknown}
 g - 3 potions of degeneration
 h - a potion of lignification {unknown}
 p - a potion of ambrosia {unknown}
 q - a potion of magic {unknown}
 s - a potion of resistance {unknown}


   Skills:
 - Level 5.0 Fighting
 - Level 2.1 Dodging
 - Level 1.5 Stealth
 + Level 3.0 Spellcasting


You couldn't memorise any spells.
You knew the following spells:

 Your Spells              Type           Power      Damage    Failure   Level
a - Flame Wave            Conj/Fire      12%        2d6       21%         4
b - Scorch                Fire           24%        2d6       3%          2
c - Conjure Flame         Conj/Fire      12%        6-21      6%          3
d - Inner Flame           Hex/Fire       12%        N/A       6%          3
e - Foxfire               Conj/Fire      48%        2x1d6     1%          1
f - Sandblast             Erth           24%        2d8       1%          1
g - Poisonous Vapours     Pois/Air       24%        N/A       3%          2
Your spell library was empty.

Dungeon Overview and Level Annotations

Branches:
Dungeon (4/15)
 Temple: D:4-7

Altars:
Makhleb

Shops:
D:1 *

Annotations:
D:3 2 runed translucent doors, Crazy Yiuf; purpskrrrp's ghost, weakling FoHu


Innate Abilities, Weirdness & Mutations

You are immune to sickness and miasma.
You are immune to poison.
Your flesh is very heat resistant. (rF++)
You are vulnerable to cold. (rC-)
You float through the air rather than walking.
You learn spells naturally, not from books.
Your magical power is your life essence.
You have superior vitality. (+4 MHP)


Message History

The gnoll bouda is severely wounded. (Press . to intensify the flame waves.)
The gnoll bouda gazes fiercely through you!
You feel your attacks grow feeble.
The gnoll bouda hits you with a +0 club.
* * * LOW HITPOINT WARNING * * *
Casting: Flame Wave (quite dangerous; 17% risk of failure)
Confirm with . or Enter, or press ? or * to list all spells.
Okay, then.
Okay, then.
Okay, then.
Okay, then.
It was a potion of degeneration.
There was something very wrong with that liquid.
You feel weakened.
You feel dopey.
You feel clumsy. The gnoll bouda closely misses you.
It was a potion of curing.
You feel better. The gnoll bouda barely misses you.
You barely miss the gnoll bouda. Your punch misses the gnoll bouda.
The gnoll bouda is severely wounded.
The gnoll bouda gazes fiercely through you!
You feel as though you will be weak longer.
The gnoll bouda hits you with a +0 club!
* * * LOW HITPOINT WARNING * * *
Aiming: Minor Destruction (22% risk of failure)
Press: ? - help, Shift-Dir - straight line, f - gnoll bouda
Aim: a gnoll bouda, wielding a +0 club and wearing a +0 leather armour (severely wounded)
The glob of acid misses the gnoll bouda.
The gnoll bouda hits you with a +0 club.
* * * LOW HITPOINT WARNING * * *
Aiming: Minor Destruction (22% risk of failure)
Press: ? - help, Shift-Dir - straight line, f/p - gnoll bouda
Aim: a gnoll bouda, wielding a +0 club and wearing a +0 leather armour (severely wounded)
The gnoll bouda writhes in agony.
The gnoll bouda gazes fiercely through you!
You feel as though you will be weak longer.
The gnoll bouda hits you with a +0 club!
* * * LOW HITPOINT WARNING * * *
You feel better.
The gnoll bouda hits you with a +0 club!
You die...

########
........
.......#
.......#
.....)g#
......@#
.......#
.......#
.......#
.......#
#+######


You could see a gnoll bouda.

Vanquished Creatures
  A scorpion (D:3)
  Natasha (D:4)
  3 gnolls
  5 adders
  A worm (D:3)
  A dart slug (D:2)
  5 orcs (D:3)
  3 endoplasms
  3 giant cockroaches
  2 goblins
  6 hobgoblins
  3 quokkas
  5 ball pythons
  A bat (D:3)
  5 frilled lizards
  3 kobolds
  4 rats
52 creatures vanquished.

Vanquished Creatures (others)
  148 foxfires
148 creatures vanquished.

Grand Total: 200 creatures vanquished

Notes
Turn   | Place    | Note
-------+----------+-------------------------------------------
     0 | D:1      | enile the Djinni Fire Elementalist began the quest for the
                  | Orb.
     0 | D:1      | enile set off with the following spells memorised: Foxfire,
                  | Scorch, Conjure Flame, Inner Flame, Flame Wave.
     0 | D:1      | Reached XP level 1. HP: 15/15 MP: 0/0
   153 | D:1      | Found Ceower's Assorted Antiques.
   203 | D:1      | Reached skill level 1 in Fighting
   227 | D:1      | Found a faded altar of an unknown god.
   255 | D:1      | Prayed at the altar of an unknown god.
   255 | D:1      | Became a worshipper of Makhleb the Destroyer
   255 | D:1      | Reached * piety under Makhleb
   292 | D:1      | Reached XP level 2. HP: 21/22 MP: 0/0
   752 | D:2      | Reached skill level 2 in Fighting
   869 | D:2      | Reached XP level 3. HP: 26/29 MP: 0/0
   869 | D:2      | Learned a level 1 spell: Sandblast
  1181 | D:2      | Reached skill level 3 in Fighting
  1391 | D:2      | Reached XP level 4. HP: 26/35 MP: 0/0
  1595 | D:3      | Found a runed translucent door.
  1595 | D:3      | Noticed purpskrrrp's ghost (weakling FoHu)
  1608 | D:3      | Reached ** piety under Makhleb
  1956 | D:3      | Reached skill level 4 in Fighting
  2139 | D:3      | Identified the +0 chain mail "Idilon" {Str+4}
  2160 | D:3      | Found a runed translucent door.
  2161 | D:3      | Noticed Crazy Yiuf
  2397 | D:4      | Noticed a scorpion
  2402 | D:4      | Reached XP level 5. HP: 40/41 MP: 0/0
  2402 | D:4      | Learned a level 2 spell: Poisonous Vapours
  2596 | D:4      | Noticed Natasha
  2599 | D:3      | Reached skill level 5 in Fighting
  2785 | D:4      | Killed Natasha
  2786 | D:4      | Reached XP level 6. HP: 45/49 MP: 0/0
  2803 | D:4      | Slain by a gnoll bouda

Illustrated notes

Levels and vault maps discovered:
D:1:      nzn_arrival_depleted_hourglass, layout_basic, serial_shops, shop,
          hellmonk_ecumenical_altar_zigzags
D:2:      layout_rooms
D:3:      layout_basic, hellmonk_ghost_happy_afterlife, uniq_crazy_yiuf_cottage
D:4:      layout_basic, gammafunk_ghost_abyssal_escape, uniq_natasha

Skill      XL: |  1  2  3  4  5  6 |
---------------+-------------------+-----
Fighting       | 1 2 3 4 5 |  5.0
Spellcasting   | 3 |  3.0
Dodging        | |  2.1
Stealth        | |  1.5

Action                   |  1- 3 |  4- 6 || total
-------------------------+-------+-------++-------
Melee: Dagger            |       |     1 ||     1
 Cast: Foxfire           |    56 |    25 ||    81
       Scorch            |     1 |     5 ||     6
       Flame Wave        |       |     7 ||     7
       Poisonous Vapours |       |     2 ||     2
Invok: Minor Destruction |       |     2 ||     2
  Use: Potion            |       |     3 ||     3
Armor: Robe              |     2 |       ||     2
Dodge: Dodged            |     5 |     7 ||    12

Table legend: (Time is in decaauts)
 A = Elapsed time spent in this place.
 B = Non-inter-level travel time spent in this place.
 C = Inter-level travel time spent in this place.
 D = Time resting spent in this place.
 E = Time spent auto-exploring this place.
 F = Levels seen in this place.
 G = Mean time per level.
                   A        B        C        D        E       F      G
               +--------+--------+--------+--------+--------+-----+--------+
         Total |   2803 |   2756 |     47 |    180 |   2247 |   4 |  700.8 |
       Dungeon |   2803 |   2756 |     47 |    180 |   2247 |   4 |  700.8 |
               +--------+--------+--------+--------+--------+-----+--------+

Top non-repeatable levels by time:
     D:3: 1263 daAuts
     D:2: 795 daAuts
     D:1: 710 daAuts
     D:4: 33 daAuts
